Cogmind - Beta 11 X8 @@@ ROGUE MODE // 2021.11.09 @ 11:00:30 // Winter2019/RPGLIKE Player: jfk Result: Destroyed by G-34 Mercenary with Small Laser Performance ------------- Evolutions (0) 0 Regions Visited (1) 200 Robots Destroyed (5) 25 Value Destroyed (183) 183 Prototype IDs (0) 0 Alien Tech Used (0) 0 Bonus (0) 0 TOTAL SCORE: 408 Bonus ------- None Cogmind --------- Core Integrity 0/600 Matter 300/300 Energy 250/250 System Corruption 0% Temperature Danger (414) Movement Walking (120) Location -10/Materials Parts ------- > --- POWER (1) -------- Ion Engine > --- PROPULSION (2) --- Aluminum Leg Aluminum Leg > --- UTILITY (3) ------ Power Shielding Tractor Beam > --- WEAPON (2) ------- Medium Laser Light Assault Rifle > --- INVENTORY (1) ---- Light Ion Engine Peak State ------------ > --- POWER ------------ Ion Engine > --- PROPULSION ------- Aluminum Leg Aluminum Leg > --- UTILITY ---------- Power Shielding Tractor Beam > --- WEAPON ----------- Medium Laser Light Assault Rifle > --- INVENTORY -------- Light Ion Engine [Rating: 7] Favorites ----------- Power Ion Engine Engine Ion Engine Propulsion Aluminum Leg Leg Aluminum Leg Utility Power Shielding Device Tractor Beam Protection Power Shielding Weapon Light Assault Rifle Energy Gun Medium Laser Ballistic Gun Light Assault Rifle Build | -11 -10 ------- Run | Scr Mat Slots Evolved 4 | 4 . Power . | . . Propulsion 1 | 1 . Utility 2 | 2 . Weapon 1 | 1 . Parts Attached 12 | 6 6 Power 1 | 1 . Engine 1 | 1 . Core . | . . Reactor . | . . Propulsion 2 | 2 . Treads . | . . Leg 2 | 2 . Wheel . | . . Hover . | . . Flight . | . . Utility 3 | . 3 Device 2 | . 2 Storage . | . . Processor . | . . Hackware . | . . Protection 1 | . 1 Artifact . | . . Weapon 6 | 3 3 Energy Gun 2 | 1 1 Energy Cannon . | . . Ballistic Gun 4 | 2 2 Ballistic Cannon . | . . Launcher . | . . Special Weapon . | . . Impact Weapon . | . . Slashing Weapon . | . . Piercing Weapon . | . . Special Melee Weapon . | . . Unidentified Prototypes . | . . Parts Lost . | . . Power . | . . Propulsion . | . . Utility . | . . Weapon . | . . Highest Loss Streak . | . . Average Slot Usage (%) 74 | . 74 Engine 12 | . 12 Leg 25 | . 25 Device 6 | . 6 Protection 6 | . 6 Energy Gun 11 | . 11 Ballistic Gun 12 | . 12 Naked Turns . | . . Heaviest Build 10 | 8 10 Greatest Support 20 | 20 20 Greatest Overweight (x) . | . . Average Overweight (x) . | . . Largest Inventory Capacity 1 | 1 1 Average Capacity . | . 1 Most Carried 1 | 1 1 Average Carried . | . 1 Final Capacity 1 | 1 1 Final Carried 1 | 1 1 Class Distribution -------------------- 100% | Mutant Dominant Class ---------------- Mutant | -10/Materials Resources | -11 -10 ----------- Run | Scr Mat Matter Collected 341 | 260 81 Remotely 81 | . 81 Salvage Created 228 | . 228 Parts 15 | . 15 Haulers Intercepted . | . . Recyclers Shooed . | . . Parts Field Recycled . | . . Retrieved Matter . | . . Parts Self-Destructed . | . . Prevented . | . . Kills | -11 -10 ------- Run | Scr Mat Combat Hostiles Destroyed 5 | . 5 Guns 5 | . 5 Classes Destroyed 1 | . 1 Grunt 5 | . 5 Best Kill Streak 5 | . 5 Combat Bots Only 5 | . 5 Max Kills in Single Turn 1 | . 1 Gunslinging . | . . Exploded . | . . Melee . | . . Uniques/NPCs Destroyed . | . . Combat | -11 -10 -------- Run | Scr Mat Damage Taken 774 | . 774 Core 601 | . 601 Absorbed by Shields . | . . Redirected to Core 525 | . 525 Core Remaining (%) 100 | 100 . Volleys Fired 21 | . 21 Largest 2 | . 2 Hottest 70 | . 70 Shots Fired 42 | . 42 Gun 42 | . 42 Cannon . | . . Launcher . | . . Special . | . . Kinetic 21 | . 21 Thermal 21 | . 21 Explosive . | . . Electromagnetic . | . . Robot Hit Streak 5 | . 5 Robot Miss Streak 3 | . 3 Penetration Max . | . . Secondary Targets 2 | . 2 Max Gunslinging Chain 1 | . 1 Shots Hit Robots 27 | . 27 Core Hits 12 | . 12 Critical Kills . | . . Critical Parts Destroyed . | . . Critical Strikes 2 | . 2 Burn 2 | . 2 Melee Attacks . | . . Impact . | . . Slashing . | . . Piercing . | . . Sneak Attacks . | . . Combat Hostiles . | . . Follow-up Attacks . | . . Damage Inflicted 312 | . 312 Guns 312 | . 312 Cannons . | . . Explosions . | . . Melee . | . . Ramming . | . . Kinetic 121 | . 121 Thermal 191 | . 191 Explosive . | . . Electromagnetic . | . . Impact . | . . Slashing . | . . Piercing . | . . Highest Corruption . | . . Average Corruption . | . . Corruption Purged . | . . Overload Shots . | . . Overflow Damage . | . . Projectiles . | . . Explosions . | . . Melee . | . . Knockbacks . | . . Impact . | . . Kinetic . | . . Secondary . | . . Self-Inflicted Damage . | . . Shots . | . . Rammed . | . . Targets Rammed . | . . Kicked . | . . Crushed . | . . Highest Temperature 408 | . 408 Average Temperature 197 | . 197 Received Heat Transfer 429 | . 429 Effects 1 | . 1 Energy Bleed 1 | . 1 Siege Activations . | . . Robots Corrupted . | . . Combat Hostiles . | . . Parts Fried . | . . Impact Corruptions . | . . Robots Melted . | . . Combat Hostiles . | . . Parts Melted 1 | . 1 Heat Transferred 703 | . 703 Parts Sabotaged . | . . Parts Stolen . | . . Parts Stripped . | . . Power Chain Reactions . | . . Missiles Intercepted . | . . Alert | -11 -10 ------- Run | Scr Mat Peak Influence 165 | . 165 Initial . | . . Average 35 | . 50 Maximum Alert Level . | . . Low Security (%) 100 | 100 100 Level 1 . | . . Level 2 . | . . Level 3 . | . . Level 4 . | . . Level 5 . | . . High Security . | . . Max Security . | . . Squads Dispatched 1 | . 1 Investigation 1 | . 1 Extermination . | . . Reinforcement . | . . Assault . | . . Garrison . | . . Intercept . | . . Construction Impeded . | . . Haulers Reinforced . | . . Active Scanning Responses . | . . Cargo Convoy Interrupts . | . . Stealth | -11 -10 --------- Run | Scr Mat Distress Signals . | . . Communications Jammed . | . . Distress Signals . | . . Times Spotted 8 | . 8 Peak Tracking Total 7 | . 7 Tactical Retreats . | . . Traps | -11 -10 ------- Run | Scr Mat Traps Triggered 3 | . 3 Indirectly . | . . Trap Hack Attempts . | . . Triggered . | . . Disarmed . | . . Reprogrammed . | . . Reused . | . . Traps Extracted . | . . Installed . | . . Triggered . | . . Machines | -11 -10 ---------- Run | Scr Mat Machines Disabled . | . . Max in Single Turn . | . . Machines Sabotaged . | . . Garrisons Compromised . | . . Overloaded Fab Kills . | . . Hacking | -11 -10 --------- Run | Scr Mat Machines Accessed . | . . Terminals . | . . Fabricators . | . . Repair Stations . | . . Recycling Units . | . . Scanalyzers . | . . Garrison Access . | . . Total Hacks . | . . Successful . | . . Failed . | . . Catastrophic . | . . Database Lockouts . | . . Manual . | . . Terminals . | . . Fabricators . | . . Repair Stations . | . . Recycling Units . | . . Scanalyzers . | . . Garrison Access . | . . Terminal Hacks . | . . Fabricator Hacks . | . . Repair Station Hacks . | . . Recycling Unit Hacks . | . . Scanalyzer . | . . Garrison Access Hacks . | . . Unauthorized Hacks . | . . Terminals . | . . Fabricators . | . . Repair Stations . | . . Recycling Units . | . . Scanalyzers . | . . Garrison Access . | . . Data Cores Recovered . | . . Used . | . . Hacking Detections . | . . Full Trace Events . | . . Feedback Events . | . . Feedback Blocked . | . . Robot Schematics Acquired . | . . Robots Built . | . . Authchips . | . . Time . | . . Total Robot Build Rating . | . . Part Schematics Acquired . | . . Parts Built . | . . Authchips . | . . Time . | . . Total Part Build Rating . | . . Parts Repaired . | . . Time . | . . Parts Recycled . | . . Recycled Matter . | . . Retrieved Matter . | . . Retrieved Components . | . . Parts Scanalyzed . | . . Part Schematics Acquired . | . . Parts Damaged . | . . Bothacking | -11 -10 ------------ Run | Scr Mat Used RIF Installer . | . . Robots Hacked . | . . Non-combat . | . . Combat . | . . Robot Hacks Applied . | . . Relay Couplers Released . | . . Robots Rewired . | . . Allies Hacked . | . . Hacks Repelled . | . . Allies | -11 -10 -------- Run | Scr Mat Total Allies . | . . Largest Group . | . . Highest-Rated Group . | . . Highest-Rated Ally . | . . Total Orders . | . . Ally Attacks . | . . Total Damage . | . . Kills . | . . Allies Corrupted . | . . Allies Melted . | . . Intel | -11 -10 ------- Run | Scr Mat Robot Analysis Total . | . . Derelict Logs Recovered . | . . Drone Launches . | . . Drone Recoveries . | . . Exploration | -11 -10 ------------- Run | Scr Mat Turns Passed 260 | 77 183 Spaces Moved 151 | 59 92 Core 5 | 5 . Treads . | . . Legs 146 | 54 92 Wheels . | . . Hover . | . . Flight . | . . Fastest Speed 50 | 50 120 Average Speed 117 | 114 120 Slowest Speed 120 | 120 120 Overloaded Moves . | . . Propulsion Burnouts . | . . Robots Hopped . | . . Cave-ins Triggered . | . . Exploration Rate (%) 16 | 4 28 Regions Visited 1 Branch Regions . Pre-discovered Areas . | . . Known Exits Taken . | . . Unknown Exits Taken 1 | 1 . Scrap Searched . | . . Spaces Dug . | . . Terrain Destroyed . | . . Melee . | . . Projectile . | . . AOE . | . . Terrain Rammed . | . . Walls Destroyed . | . . Machines Disabled . | . . Actions | -11 -10 --------- Run | Scr Mat Total 190 | 66 124 Wait 5 | . 5 Move 150 | 58 92 Hop . | . . Pick Up 1 | 1 . Fast Attach 12 | 6 6 Attach . | . . Detach . | . . Swap . | . . Drop 1 | 1 . Fire 21 | . 21 Melee . | . . Ram . | . . Kick . | . . Crush . | . . Escape Stasis . | . . Rewire . | . . Trap . | . . Miscellaneous . | . . Route ------- -11/Scrapyard -10/Materials History --------- Turn | Location | Event 1 | -11/Scrapyard | Upgraded with Propulsion slot (x1) 1 | -11/Scrapyard | Upgraded with Utility slot (x2) 1 | -11/Scrapyard | Upgraded with Weapon slot (x1) 3 | -11/Scrapyard | Discovered new exit (range 16) 78 | -11/Scrapyard | Entered Materials 197 | -10/Materials | Core integrity fell below 50% 246 | -10/Materials | Core integrity fell below 20% 261 | -10/Materials | Destroyed by G-34 Mercenary with Small Laser Last Messages --------------- 00235_ Acquired 1 matter. 00236_ R-06 Scavenger inserts Terrain Scanner into recycling unit. 00237_ G-34 Mercenary destroyed. 00238_ Acquired 1 matter. 00241_ R-06 Scavenger collects Aluminum Leg. 00243_ Acquired 1 matter. 00244_ R-06 Scavenger collects Ion Engine. 00245_ R-06 Scavenger collects Aluminum Leg. 00246_ Acquired 1 matter. 00248_ R-06 Scavenger collects Aluminum Leg. 00248_ G-34 Mercenary destroyed. 00248_ Switching to secondary target: G-34 Mercenary. 00249_ Acquired 1 matter. 00251_ R-06 Scavenger collects Ion Engine. 00254_ Acquired 1 matter. 00254_ R-06 Scavenger inserts Wheel into recycling unit. 00257_ Acquired 1 matter. 00257_ R-06 Scavenger inserts Aluminum Leg into recycling unit. 00260_ Acquired 1 matter. 00260_ R-06 Scavenger inserts Sml. Laser into recycling unit. Map ----- +----------------------------------------------------+ | | | | | | | | | ?????????????????????????????????????????????????? | | ??????????????????????????????????????????????##?? | | ?????????????????????????????????????????????? | | ?????????????????????????????????????????????""" | | ?????????????????????????????????????????????""" | | ????????????????????????????####+########### """ | | ??????????????????????????? # | | ??????????????????????????? + """ | | ??????????????????????????? # """ | | ???????????????????????????????########### # """ | | ?????????????????????????????????????????# #? | | ?????????????????????????????????????????# #?##### | | ???????????????????????????????????#######+#### | | ?????????????????????????????????# # | | ?????????????????????????????????# """ """ # | | ??????????????????##########+#???#? """ """ + | | ??????????????????# # #???? """ """ # | | ??????????????????# """ # #???#] # | | ??????????????????# "Y" =# ###??#??########## | | ??????????????????# r | =#!! #???????######## | | ??????????????????# r %gg%= #???????# # | | ??????????????????# """ @[# +???????# """ # | | ??????????????????# """ [#* #???????# """ + | | ??????????????????# """ # ###+##??# """ # | | ??????????????????# # ##?# # | | ??????????????????########## T#?# # | | ???????????????????????????# ##?######## | | ???????????????????????????##### #?????????# | | ???????????????????????????????# ######????# | | ???????????????????????????????# ^ ###### | | ???????????????????????????????#^ ^ | | ???????????????????????????????# ###### | | ???????????????????????????????# #????# | | ???????????????????????????????# #######+# | | ???????????????????????????##### ## | | ???????????????????? !! # | | ???????????????????? | =* # | | ???????????????????? = # | | ????????????????????? ##+####### # | | ???????????????????????????????###+#### # | | ????????????????????????????????? ??# # | | ???????????????????????????????? ??# # | | ???????????????????????????????? ??# ######## | | ???????????????????????????????# ??# #??????? | | ???????????????????????????????# """??? #??????? | | ???????????????????????????????# """ ?? #??????? | +----------------------------------------------------+ Best States ------------- Heat Dissipation 25 Energy Generation 10 Energy Capacity 250 Matter Stores 300 Matter Capacity 300 Sight Range 16 Terrain Scan Density 10 Power Shielding 33 Evasion (%) 55 Item Schematics ----------------- None Robot Schematics ------------------ None Fabricated ------------ Nothing Alien Tech Used ----------------- None Achievements -------------- None Challenges ------------ None RPGLIKE | -11 -10 --------- Run | Scr Mat Levels Raised . | . . XP Earned 3600 | 3000 600 XP Spent 2550 | 2550 . Upgrades 5 | 5 . Propulsion Slot 1 | 1 . Utility Slot 2 | 2 . Weapon Slot 1 | 1 . Inventory Capacity 1 | 1 . Protomatter Created 40 | . 40 Protomatter Decayed 40 | . 40 Game ------ Seed LightningIonTrap Manual? 0 Play Time 00:03:58 Cumulative 359.4 hours Start 2021.11.09 @ 10:56:34 End 2021.11.09 @ 11:00:30 Sessions 1 Manual Loads 0 Difficulty Rogue Special Mode Winter2019/RPGLIKE Game No. 113 Rogue 1 Adventurer 0 Explorer 112 Win Type - Total 26 Types 15/3/1/1/1/2/1/2/0 Lore% 72 Gallery% 87 Achievement% 81 Wizard Run 0 Options --------- ASCII 1 Keyboard 0 Movement Vi Keybinds 0 Fullscreen 2 Font 18/X11Bold Map View 76x50 Tactical HUD 1 Map Filters NONE Filters NONE Steam 1 RUN: 464708ff-f193-43d6-92e6-8a7826c88107